 Dungeon Crawl Stone Soup version 0.18-a0-97-g9c2abca (webtiles) character file.

883 Duffy the Caller (level 7, -3/46 HPs)
             Began as a Mummy Summoner on Nov 14, 2015.
             Slain by an adder skeleton (4 damage)
             ... on level 6 of the Dungeon.
             The game lasted 00:11:30 (7726 turns).

Duffy the Caller (Mummy Summoner)                   Turns: 7726, Time: 00:11:30

Health: -3/46      AC:  3    Str: 11    XL:     7   Next: 76%
Magic:  1/13       EV: 12    Int: 16    God:
Gold:   36         SH:  0    Dex: 13    Spells: 5 memorised, 1 level left

rFire  x . .     SeeInvis .     c - +2 dagger (venom)
rCold  + . .     Clarity  .     a - +0 robe
rNeg   + + +     SustAt   .     (no shield)
rPois  ∞         Gourm    .     (no helmet)
rElec  .         Spirit   .     (no cloak)
rCorr  .         Warding  .     (no gloves)
rMut   .         Stasis   .     f - +0 pair of boots
MR     .....                    (no amulet)
Stlth  ++........               (no ring)
                                (no ring)

@: not resistant to hostile enchantments, unstealthy
A: no food or potions, fire vulnerability, cold resistance 1, negative energy
resistance 3, torment resistance, unbreathing
a: no special abilities


You were on level 6 of the Dungeon.
You were not hungry.

You visited 2 branches of the dungeon, and saw 7 of its levels.

You collected 161 gold pieces.
You spent 125 gold pieces at shops.


Innate Abilities, Weirdness & Mutations

You do not eat or drink.
Your flesh is vulnerable to fire.
You are immune to poison.
Your flesh is cold resistant.
You are immune to negative energy.
You are immune to unholy pain and torment.
You can survive without breathing.


   Skills:
 - Level 1.5 Dodging
 - Level 1.5 Stealth
 + Level 4.2 Spellcasting
 + Level 6.0 Summonings
 * Level 3.8 Ice Magic


You had one spell level left.
You knew the following spells:

 Your Spells              Type           Power        Failure   Level  Hunger
a - Summon Small Mammal   Summ           ###.         1%          1    N/A
h - Summon Guardian Gole  Hex/Summ       ##......     14%         3    N/A
i - Call Imp              Summ           ###.....     1%          2    N/A
l - Summon Ice Beast      Ice/Summ       ###.....     21%         4    N/A
n - Call Canine Familiar  Summ           ###.....     4%          3    N/A

Inventory:

Hand Weapons
 c - a +2 dagger of venom (weapon)
Missiles
 d - a throwing net
 e - 154 stones (quivered)
Armour
 a - a +0 robe (worn)
 f - a +0 pair of boots (worn)
Jewellery
 g - a -3 ring of evasion
 j - a +3 ring of dexterity {unknown}
Scrolls
 h - 2 scrolls of recharging
 i - a scroll of fear
 k - a scroll of fog
 l - a scroll of amnesia
 m - a scroll of vulnerability
 n - a scroll of immolation {unknown}
Books
 b - a book of Callings

Dungeon Overview and Level Annotations

Branches:
Dungeon (6/15)             Temple (1/1) D:4

Altars:
Ashenzari
Cheibriados
Elyvilon
Fedhas
Gozag
Kikubaaqudgha
Makhleb
Nemelex Xobeh
Okawaru
Qazlal
Ru
Vehumet
Xom
Yredelemnul
Zin

Shops:
D:5 *

Annotations:
D:5 Grinder


Message History

Your crimson imp blinks!
The giant cockroach barely misses your crimson imp.
The giant frog barely misses your hound.
The adder skeleton bites you but does no damage.
Your hound bites the giant frog.
You hit the adder skeleton. The giant frog hits your hound.
The giant cockroach closely misses your crimson imp.
Your crimson imp barely misses the giant cockroach.
Your hound bites the giant frog.
The adder skeleton bites you but does no damage.
The giant frog hits your hound.
Your hound dies!
Your hound's corpse disappears in a puff of smoke!
The giant cockroach misses your crimson imp.
The giant frog gives a loud, deep croak!
You hit the adder skeleton.
Your crimson imp closely misses the giant cockroach.
The adder skeleton closely misses you.
The giant cockroach closely misses your crimson imp.
You completely miss the giant frog.
The giant frog is almost dead.
The giant frog hits you.
Your crimson imp hits the giant cockroach.
The adder skeleton closely misses you.
The giant cockroach closely misses your crimson imp.
The giant frog closely misses you.
You closely miss the adder skeleton.
Your crimson imp blinks!
The adder skeleton bites you but does no damage.
The giant frog hits you.
Cast which spell? (? or * to list)
The giant frog hits you. The adder skeleton barely misses you.
The giant frog hits you.
You hit the adder skeleton. The adder skeleton bites you.
You die...

#.# #.# #.#
##.## ...# #
#..#
#...#######..##
.....hZ@F†sF†.#
#.#.########..#
.. #..# #.
#5<####
#.##JF#..
#..s5.#.#
#.###.#.#
#.......#
..J...#...###


You could see 2 giant frogs, a giant cockroach, an adder skeleton and a friendly
hound.

Action                   |  1- 3 |  4- 6 |  7- 9 || total
-------------------------+-------+-------+-------++-------
Melee: Dagger            |   115 |    87 |    93 ||   295
Throw: Stone             |     1 |       |     1 ||     2
 Cast: Summon Small Mamm |    17 |       |       ||    17
       Call Imp          |     8 |    16 |    16 ||    40
       Call Canine Famil |       |    18 |    17 ||    35
  Use: Scroll            |       |     4 |     3 ||     7
 Stab: Sleeping          |     2 |     2 |       ||     4
       Distracted        |       |     2 |     3 ||     5

Notes
Turn   | Place    | Note
--------------------------------------------------------------
     0 | D:1      | Duffy the Mummy Summoner began the quest for the Orb.
     0 | D:1      | Reached XP level 1. HP: 13/13 MP: 3/3
   612 | D:1      | Reached XP level 2. HP: 19/19 MP: 5/5
   619 | D:1      | Learned a level 2 spell: Call Imp
  1111 | D:1      | Reached skill level 4 in Summonings
  1728 | D:2      | Found a shattered altar of Ashenzari.
  1735 | D:2      | Reached XP level 3. HP: 22/24 MP: 6/6
  1740 | D:2      | Learned a level 3 spell: Call Canine Familiar
  1750 | D:2      | Found an opulent altar of Gozag.
  1752 | D:2      | Found a sacrificial altar of Ru.
  2532 | D:2      | Found an iron altar of Okawaru.
  2764 | D:3      | Found a radiant altar of Vehumet.
  2939 | D:3      | Reached XP level 4. HP: 28/30 MP: 7/7
  3850 | D:4      | Found a staircase to the Ecumenical Temple.
  3855 | Temple   | Entered the Ecumenical Temple
  4071 | D:4      | Noticed a phantom
  4097 | D:4      | Killed a phantom
  4097 | D:4      | Reached skill level 3 in Spellcasting
  4097 | D:4      | Reached skill level 5 in Summonings
  4097 | D:4      | Reached XP level 5. HP: 35/35 MP: 1/9
  4172 | D:4      | Learned a level 4 spell: Summon Ice Beast
  4284 | D:4      | Noticed a phantom
  4352 | D:4      | Killed a phantom
  4352 | D:4      | Reached skill level 1 in Ice Magic
  4742 | D:4      | Reached XP level 6. HP: 33/41 MP: 7/10
  5322 | D:4      | Reached skill level 2 in Ice Magic
  5908 | D:5      | Entered Level 5 of the Dungeon
  5988 | D:5      | Reached XP level 7. HP: 46/46 MP: 8/12
  6074 | D:5      | Reached skill level 3 in Ice Magic
  6544 | D:5      | Found Assat's Assorted Antiques.
  6547 | D:5      | Bought a scroll labeled UKUSURHOSO for 25 gold pieces
  6547 | D:5      | Bought a scroll labeled GATIQU CETUQI for 25 gold pieces
  6547 | D:5      | Bought a scroll labeled ULIOME KYZE for 25 gold pieces
  6547 | D:5      | Bought a scroll of identify for 50 gold pieces
  7108 | D:5      | Reached skill level 4 in Spellcasting
  7180 | D:5      | Learned a level 3 spell: Summon Guardian Golem
  7434 | D:5      | Noticed Grinder
  7586 | D:4      | Reached skill level 6 in Summonings
  7726 | D:6      | Slain by an adder skeleton

Vault maps used:
D:1:      minmay_arrival_diagonal_passages
D:2:      lemuel_crystal_altar, grunt_temple_overflow_open
D:3:      fiery_altar_vehumet
D:4:      minmay_temple_entry_butterflies, first_bread, minmay_misc_feat_room,
          grunt_ministairs_7, minmay_parallelograms, cheibrodos_gnoll_hut
D:5:      minmay_goblin_kobold_castle, serial_shops, nicolae_shop_behind_doors,
          uniq_sigmund, uniq_grinder
D:6:      minitemple, serial_shops, nicolae_shop_window_shopping
Temple:   chambers_temple_10

Vanquished Creatures
  2 phantoms
  An ice beast
  An ogre
  2 scorpions
  A crimson imp
  An iguana
  3 orc priests
  A giant frog skeleton
  2 centaur skeletons
  3 hounds
  6 orc wizards
  4 worker ants
  A gnoll
  6 adders
  A shadow imp
  An ooze
  3 adder skeletons
  A worm
  5 giant geckos
  13 orcs
  2 ball pythons
  7 bats
  4 giant cockroaches
  13 goblins
  11 hobgoblins
  2 jackals
  8 kobolds
  A giant gecko skeleton
  A giant newt
  A jackal skeleton
  2 quokkas
  9 rats
119 creatures vanquished.
